MWL (24 & UNDER)
PLUMSTEAD EAGLES @ EVANSTON ELITISTS
09/21/2028
 
TOP OF THE 1ST
Plumstead Eagles batting - Pitching for Evanston Elitists : RHP Arthur Martínez
Pitching: RHP Arthur Martínez
Batting: LHB Roberto Rodríguez 0-0: Ball
1-0: Called Strike
1-1: Swinging Strike
1-2: Foul Ball, location: 2F
1-2: Fly out, F9 (Flyball, 89M)
Batting: RHB Rob Brady 0-0: Ball
1-0: Foul Ball, location: 2F
1-1: Foul Ball, location: 2F
1-2: Strikes out swinging
Batting: RHB Kolomon Meise 0-0: Called Strike
0-1: Called Strike
0-2: Foul Ball, location: 2F
0-2: Foul Ball, location: 2F
0-2: Ball
1-2: Strikes out looking
Top of the 1st over - 0 run(s), 0 hit(s), 0 error(s), 0 left on base; Plumstead 0 - Evanston 0
BOTTOM OF THE 1ST
Evanston Elitists batting - Pitching for Plumstead Eagles : LHP Jorge Torres
Pitching: LHP Jorge Torres
Batting: RHB Alberto Soto 0-0: Ball
1-0: SINGLE (Groundball, 56D)
Batting: SHB Jacob Wilcox 0-0: Called Strike
0-1: Grounds into double play, U3-6 (Groundball, 3L)
Batting: LHB Jean-Sébastien Beaudin 0-0: Ball
1-0: Ball
2-0: Foul Ball, location: 2F
2-1: Called Strike
2-2: Ball
3-2: Foul Ball, location: 2F
3-2: Foul Ball, location: 2F
3-2: Base on Balls
Batting: LHB Javier Mejía 0-0: Ball
1-0: Called Strike
1-1: Ball
2-1: Swinging Strike
2-2: Foul Ball, location: 2F
2-2: Ball
3-2: SINGLE (Groundball, 4D)
Jean-Sébastien Beaudin to second
Jean-Sébastien Beaudin to third
Batting: LHB Alberto Varela 0-0: Ball
1-0: Ball
2-0: Swinging Strike
2-1: Foul Ball, location: 2F
2-2: Strikes out looking
Bottom of the 1st over - 0 run(s), 2 hit(s), 0 error(s), 2 left on base; Plumstead 0 - Evanston 0
TOP OF THE 2ND
Plumstead Eagles batting - Pitching for Evanston Elitists : RHP Arthur Martínez
Batting: LHB Ryan Flynn 0-0: Swinging Strike
0-1: Called Strike
0-2: Foul Ball, location: 2F
0-2: Foul Ball, location: 2F
0-2: Strikes out swinging
Batting: RHB Carlos Palomón 0-0: Called Strike
0-1: Ball
1-1: Ball
2-1: Swinging Strike
2-2: Foul Ball, location: 2F
2-2: Strikes out looking
Batting: LHB Ramón Morán 0-0: Called Strike
0-1: Called Strike
0-2: Foul Ball, location: 2F
0-2: Strikes out swinging
Top of the 2nd over - 0 run(s), 0 hit(s), 0 error(s), 0 left on base; Plumstead 0 - Evanston 0
BOTTOM OF THE 2ND
Evanston Elitists batting - Pitching for Plumstead Eagles : LHP Jorge Torres
Batting: RHB Miguel Toro 0-0: Ball
1-0: Called Strike
1-1: Foul Ball, location: 2F
1-2: Ball
2-2: Strikes out swinging
Batting: LHB Ronald Gordon 0-0: Ball
1-0: Ball
2-0: Called Strike
2-1: Foul Ball, location: 2F
2-2: Ball
3-2: Ground out 6-3 (Groundball, 6)
Batting: RHB Ron Newcombe 0-0: Ball
1-0: Swinging Strike
1-1: Swinging Strike
1-2: Strikes out looking
Bottom of the 2nd over - 0 run(s), 0 hit(s), 0 error(s), 0 left on base; Plumstead 0 - Evanston 0
TOP OF THE 3RD
Plumstead Eagles batting - Pitching for Evanston Elitists : RHP Arthur Martínez
Batting: RHB Matt Thompson 0-0: Ground out 4-3 (Groundball, 4)
Batting: SHB Travis Martin 0-0: Ball
1-0: Ball
2-0: Swinging Strike
2-1: Called Strike
2-2: Strikes out swinging
Batting: RHB Wilson Durán 0-0: Foul Ball, location: 2F
0-1: Ball
1-1: Ball
2-1: SINGLE (Groundball, 56D)
Batting: LHB Roberto Rodríguez 0-0: Swinging Strike
0-1: Foul Ball, location: 2F
0-2: Ball
1-2: Fielders Choice at 2nd, 4-6 (Groundball, 4)
Top of the 3rd over - 0 run(s), 1 hit(s), 0 error(s), 0 left on base; Plumstead 0 - Evanston 0
BOTTOM OF THE 3RD
Evanston Elitists batting - Pitching for Plumstead Eagles : LHP Jorge Torres
Batting: RHB Jorge Calderón 0-0: Called Strike
0-1: Foul Ball, location: 2F
0-2: Ball
1-2: Ball
2-2: Foul Ball, location: 2F
2-2: Ball
3-2: Base on Balls
Batting: RHB Alberto Soto 0-0: Hit by Pitch
Jorge Calderón to second
Batting: SHB Jacob Wilcox 0-0: Ball
1-0: Swinging Strike
1-1: Swinging Strike
1-2: Strikes out swinging
Batting: LHB Jean-Sébastien Beaudin 0-0: Foul Ball, location: 2F
0-1: Fielders Choice at 2nd, 1-6 (Groundball, 13S)
Jorge Calderón to third
Batting: LHB Javier Mejía 0-0: Ground out 4-3 (Groundball, 34)
Bottom of the 3rd over - 0 run(s), 0 hit(s), 0 error(s), 2 left on base; Plumstead 0 - Evanston 0
TOP OF THE 4TH
Plumstead Eagles batting - Pitching for Evanston Elitists : RHP Arthur Martínez
Batting: RHB Rob Brady 0-0: Swinging Strike
0-1: Foul Ball, location: 2F
0-2: Ball
1-2: Fly out, F9 (Flyball, 89M)
Batting: RHB Kolomon Meise 0-0: Called Strike
0-1: Swinging Strike
0-2: Fly out, F7 (Flyball, 7S)
Batting: LHB Ryan Flynn 0-0: Called Strike
0-1: Foul Ball, location: 2F
0-2: Ball
1-2: Foul Ball, location: 2F
1-2: Foul Ball, location: 2F
1-2: Ball
2-2: Foul Ball, location: 2F
2-2: Ball
3-2: Strikes out swinging
Top of the 4th over - 0 run(s), 0 hit(s), 0 error(s), 0 left on base; Plumstead 0 - Evanston 0
BOTTOM OF THE 4TH
Evanston Elitists batting - Pitching for Plumstead Eagles : LHP Jorge Torres
Batting: LHB Alberto Varela 0-0: Fly out, F8 (Flyball, 8LM)
Batting: RHB Miguel Toro 0-0: Called Strike
0-1: Ball
1-1: Ball
2-1: Foul Ball, location: 2F
2-2: Foul Ball, location: 2F
2-2: Ball
3-2: Foul Ball, location: 2F
3-2: Strikes out swinging
Batting: LHB Ronald Gordon 0-0: Ball
1-0: Called Strike
1-1: Hit by Pitch
Batting: RHB Ron Newcombe 0-0: Ball
1-0: Swinging Strike
1-1: Ball
2-1: Foul Ball, location: 2F
2-2: Ball
3-2: Strikes out swinging
Bottom of the 4th over - 0 run(s), 0 hit(s), 0 error(s), 1 left on base; Plumstead 0 - Evanston 0
TOP OF THE 5TH
Plumstead Eagles batting - Pitching for Evanston Elitists : RHP Arthur Martínez
Batting: RHB Carlos Palomón 0-0: Ground out 6-3 (Groundball, 6)
Batting: LHB Ramón Morán 0-0: Ball
1-0: Ball
2-0: Foul Ball, location: 2F
2-1: SINGLE (Groundball, 34D)
Batting: RHB Matt Thompson 0-0: Called Strike
0-1: Foul Ball, location: 2F
0-2: Foul Ball, location: 2F
0-2: Ground out 5-3 (Groundball, 56S)
Ramón Morán to second
Batting: SHB Travis Martin 0-0: Ground out 4-3 (Groundball, 4M)
Top of the 5th over - 0 run(s), 1 hit(s), 0 error(s), 1 left on base; Plumstead 0 - Evanston 0
BOTTOM OF THE 5TH
Evanston Elitists batting - Pitching for Plumstead Eagles : LHP Jorge Torres
Batting: RHB Jorge Calderón 0-0: Ground out 3-1 (Groundball, 34S)
Batting: RHB Alberto Soto 0-0: Swinging Strike
0-1: Ball
1-1: Fly out, F4 (Flyball, 4MD)
Batting: SHB Jacob Wilcox 0-0: Called Strike
0-1: Ball
1-1: Ball
2-1: Ball
3-1: SOLO HOME RUN (Flyball, 7D), Distance : 376 ft
Batting: LHB Jean-Sébastien Beaudin 0-0: Ball
1-0: Ball
2-0: Ball
3-0: Called Strike
3-1: Foul Ball, location: 2F
3-2: Base on Balls
Pitching: LHP Luis Hernández
Batting: LHB Javier Mejía 0-0: Fly out, F8 (Flyball, 8LD)
Bottom of the 5th over - 1 run(s), 1 hit(s), 0 error(s), 1 left on base; Plumstead 0 - Evanston 1
TOP OF THE 6TH
Plumstead Eagles batting - Pitching for Evanston Elitists : RHP Arthur Martínez
Batting: RHB Wilson Durán 0-0: Ball
1-0: Ball
2-0: Called Strike
2-1: Foul Ball, location: 2F
2-2: Foul Ball, location: 2F
2-2: Strikes out looking
Batting: LHB Roberto Rodríguez 0-0: Foul Ball, location: 2F
0-1: Ball
1-1: Foul Ball, location: 2F
1-2: Strikes out swinging
Batting: RHB Rob Brady 0-0: Swinging Strike
0-1: Ball
1-1: Swinging Strike
1-2: Ball
2-2: Foul Ball, location: 2F
2-2: Ball
3-2: Strikes out swinging
Top of the 6th over - 0 run(s), 0 hit(s), 0 error(s), 0 left on base; Plumstead 0 - Evanston 1
BOTTOM OF THE 6TH
Evanston Elitists batting - Pitching for Plumstead Eagles : LHP Luis Hernández
Batting: LHB Alberto Varela 0-0: Called Strike
0-1: Ball
1-1: Called Strike
1-2: Ball
2-2: Foul Ball, location: 2F
2-2: Ball
3-2: Foul Ball, location: 2F
3-2: Foul Ball, location: 2F
3-2: Ground out 6-3 (Groundball, 6)
Batting: RHB Miguel Toro 0-0: Ground out 6-3 (Groundball, 6S)
Batting: LHB Ronald Gordon 0-0: Foul Ball, location: 2F
0-1: Foul Ball, location: 2F
0-2: Foul Ball, location: 2F
0-2: Ball
1-2: Ball
2-2: Foul Ball, location: 2F
2-2: Foul Ball, location: 2F
2-2: Foul Ball, location: 2F
2-2: Ground out 1-3 (Groundball, P)
Bottom of the 6th over - 0 run(s), 0 hit(s), 0 error(s), 0 left on base; Plumstead 0 - Evanston 1
TOP OF THE 7TH
Plumstead Eagles batting - Pitching for Evanston Elitists : RHP Arthur Martínez
Pitching: LHP Gregory Thompson
Batting: RHB Kolomon Meise 0-0: Ball
1-0: Called Strike
1-1: Foul Ball, location: 2F
1-2: Foul Ball, location: 2F
1-2: Ball
2-2: Fly out, F2 (Popup, 13S)
Batting: LHB Ryan Flynn 0-0: Ball
1-0: Called Strike
1-1: Ball
2-1: Swinging Strike
2-2: Strikes out looking
Batting: RHB Carlos Palomón 0-0: Called Strike
0-1: Foul Ball, location: 2F
0-2: Ball
1-2: Strikes out swinging
Top of the 7th over - 0 run(s), 0 hit(s), 0 error(s), 0 left on base; Plumstead 0 - Evanston 1
BOTTOM OF THE 7TH
Evanston Elitists batting - Pitching for Plumstead Eagles : LHP Luis Hernández
Batting: RHB Ron Newcombe 0-0: Foul Ball, location: 2F
0-1: Ball
1-1: Fly out, F2 (Popup, 2L)
Batting: RHB Jorge Calderón 0-0: Called Strike
0-1: Ball
1-1: Ball
2-1: Foul Ball, location: 2F
2-2: Ball
3-2: Base on Balls
Batting: RHB Alberto Soto 0-0: Ball
1-0: Called Strike
1-1: Foul Ball, location: 2F
1-2: Foul Ball, location: 2F
1-2: SINGLE (Groundball, 5D)
Jorge Calderón to second
Pinch Hitting: LHB Luis Rodríguez 0-0: Ball
1-0: Swinging Strike
1-1: Ball
2-1: Foul Ball, location: 2F
2-2: SINGLE (Groundball, 4D)
Jorge Calderón to third
Alberto Soto to second
Runner from 3rd tries for Home, SAFE, no throw
Batting: LHB Jean-Sébastien Beaudin 0-0: Ball
1-0: Called Strike
1-1: DOUBLE (Line Drive, 9D)
Alberto Soto scores
Luis Rodríguez to third
Runner from 3rd tries for Home, SAFE, throw made at trailing runner, SAFE at third!
Batting: LHB Javier Mejía 0-0: Called Strike
0-1: Ball
Steal of home, Jean-Sébastien Beaudin is out
1-1: Called Strike
1-2: Ball
2-2: Ground out 3-1 (Groundball, 34S)
Bottom of the 7th over - 3 run(s), 3 hit(s), 0 error(s), 0 left on base; Plumstead 0 - Evanston 4
TOP OF THE 8TH
Plumstead Eagles batting - Pitching for Evanston Elitists : LHP Gregory Thompson
Now at SS: Henry Morris
Batting: LHB Ramón Morán 0-0: Called Strike
0-1: Called Strike
0-2: Ball
1-2: Strikes out looking
Batting: RHB Matt Thompson 0-0: Called Strike
0-1: Ball
1-1: Ball
2-1: Called Strike
2-2: Ball
3-2: Foul Ball, location: 2F
3-2: Foul Ball, location: 2F
3-2: Strikes out looking
Batting: SHB Travis Martin 0-0: Called Strike
0-1: Ground out 6-3 (Groundball, 6)
Top of the 8th over - 0 run(s), 0 hit(s), 0 error(s), 0 left on base; Plumstead 0 - Evanston 4
BOTTOM OF THE 8TH
Evanston Elitists batting - Pitching for Plumstead Eagles : LHP Luis Hernández
Pitching: RHP Paul Orr
Batting: LHB Alberto Varela 0-0: Called Strike
0-1: Foul Ball, location: 2F
0-2: Ball
1-2: Ball
2-2: Foul Ball, location: 2F
2-2: Ground out 4-3 (Groundball, 4)
Batting: RHB Miguel Toro 0-0: Ball
1-0: Ball
2-0: Ball
3-0: Foul Ball, location: 2F
3-1: Called Strike
3-2: Foul Ball, location: 2F
3-2: Base on Balls
Batting: LHB Ronald Gordon 0-0: Ball
1-0: Foul Ball, location: 2F
1-1: Fly out, F5 (Line Drive, 5S)
Batting: RHB Ron Newcombe 0-0: Called Strike
0-1: Ball
1-1: Ball
2-1: Ball
3-1: Ground out 6-3 (Groundball, 56)
Bottom of the 8th over - 0 run(s), 0 hit(s), 0 error(s), 1 left on base; Plumstead 0 - Evanston 4
TOP OF THE 9TH
Plumstead Eagles batting - Pitching for Evanston Elitists : LHP Gregory Thompson
Batting: RHB Wilson Durán 0-0: Foul Ball, location: 2F
0-1: Ball
1-1: Ground out 6-3 (Groundball, 56)
Batting: LHB Roberto Rodríguez 0-0: Hit by Pitch
Pitching: RHP Júlio Feliciano
Batting: RHB Rob Brady 0-0: Swinging Strike
0-1: Ball
1-1: Swinging Strike
1-2: Ball
2-2: Strikes out swinging
Batting: RHB Kolomon Meise 0-0: Ball
1-0: Foul Ball, location: 2F
1-1: Fly out, F9 (Flyball, 9S)
Top of the 9th over - 0 run(s), 0 hit(s), 0 error(s), 1 left on base; Plumstead 0 - Evanston 4
Tuesday, August 8th, 2017 - OOTP Baseball 17.12 Build 75